 Dungeon Crawl Stone Soup version 0.21-a0-238-geb0acef (webtiles) character file.

3119 Gorice the Protected (level 9, -13/77 HPs)
             Began as a Gnoll Arcane Marksman on Sept 2, 2017.
             Mangled by an orc warrior
             ... wielding a +0 glaive
              (16 damage)
             ... on level 7 of the Dungeon.
             The game lasted 00:51:53 (10391 turns).

Gorice the Protected (Gnoll Arcane Marksman)       Turns: 10391, Time: 00:51:55

Health: -13/77     AC: 10    Str:  7    XL:     9   Next: 91%
Magic:  11/11      EV: 10    Int:  7    God:
Gold:   224        SH:  2    Dex:  7    Spells: 10/11 levels left

rFire    . . .     SeeInvis .   b - +0 whip (venom)
rCold    . . .     Gourm    .   (no shield)
rNeg     . . .     Faith    .   g - +0 ring mail
rPois    .         Spirit   .   E - +0 helmet
rElec    .         Reflect  +   I - +0 cloak
rCorr    .         Harm     .   (no gloves)
MR       .....                  (no boots)
Stlth    ..........             h - +2 amulet of reflection
HPRegen  0.22/turn              (no ring)
MPRegen  0.12/turn              (no ring)

@: lethally poisoned (-13 -> -13)
A: unchanging attributes, fangs 1, strong nose
a: no special abilities


You were on level 7 of the Dungeon.
You were hungry.

You visited 1 branch of the dungeon, and saw 7 of its levels.

You collected 443 gold pieces.
You spent 219 gold pieces at shops.

Inventory:

Hand Weapons
 a - a +3 hand crossbow of freezing
   (You bought it in a shop on level 4 of the Dungeon)
 b - a +0 whip of venom (weapon)
   (You found it on level 4 of the Dungeon)
 k - a +2 dagger of freezing
   (You took it off a goblin on level 3 of the Dungeon)
 t - a +0 short sword
 u - a +0 long sword
 w - a +0 trident
 y - a +0 flail
 A - a +5 dire flail
 F - a +1 dagger of flaming
   (You took it off a goblin on level 2 of the Dungeon)
 H - a +4 spear
 J - a +0 hand crossbow
 P - a +0 halberd
 S - a +0 quarterstaff
 U - a cursed -1 morningstar
Missiles
 d - 16 bolts
 v - 3 javelins
 z - 30 tomahawks
 Y - 3 throwing nets
 Z - 115 stones (quivered)
Armour
 e - a +0 robe
 g - a +0 ring mail (worn)
 m - a +0 chain mail
 x - a +0 leather armour of magic resistance
   (You took it off an orc on level 3 of the Dungeon)
 D - a +0 robe of positive energy
   (You took it off an orc wizard on level 4 of the Dungeon)
 E - a +0 helmet (worn)
 G - a +0 scale mail
 I - a +0 cloak (worn)
 N - a +0 plate armour
Jewellery
 h - a +2 amulet of reflection (around neck)
Wands
 B - a wand of flame (9/48)
Scrolls
 o - 2 scrolls of recharging
 p - 3 scrolls of remove curse
 L - 2 scrolls of enchant weapon
 R - a scroll of amnesia {unknown}
 V - a scroll of teleportation {!r}
Potions
 i - a potion of magic {!q}
 l - a potion of agility {!q}
 q - a potion of ambrosia
 r - 2 potions of brilliance {!q}
 s - 6 potions of curing
 C - 2 potions of haste {!q}
 K - a potion of lignification {!q}
 Q - a potion of might {unknown}
Books
 c - a book of Debilitation
 M - a book of Necromancy
Comestibles
 f - 4 bread rations {!e}
 j - 4 royal jellies
 n - a fruit
 O - 2 meat rations {!e}
 T - 8 chunks of flesh


   Skills:
 + Level 9.4 Fighting
 - Level 10.0 Crossbows
 + Level 11.1 Armour
 - Level 2.6 Dodging
 - Level 1.5 Spellcasting
 - Level 4.0 Hexes


You had 10 spell levels left.
You knew the following spells:

 Your Spells              Type           Power        Failure   Level  Hunger
a - Corona                Hex            #......      19%         1    ##.....


Dungeon Overview and Level Annotations

Branches:
Dungeon (7/15)
 Temple: D:4-7

Altars:
Ashenzari
Ru
Trog
Yredelemnul
Zin
The Shining One

Shops:
D:4 (   D:5 =

Annotations:
D:3 1 runed door


Innate Abilities, Weirdness & Mutations

Your physical attributes are unchanging.
You have very sharp teeth.
Your uncanny sense of smell can sniff out nearby items.


Message History

You feel sick.
The kobold unwields an uncursed blowgun.
The kobold hits you.
An orc priest comes into view. It is wielding a dagger.
Items here: (( ))) † Damage: 3 (max 7)
The orc priest shouts!
You hit the kobold but do no damage.
You feel sick.
You closely miss the kobold.
The kobold hits you but does no damage. x2
You miss the kobold.
You feel sick. The kobold hits you but does no damage.
Damage: 1 (max 7)
You miss the kobold.
You feel sick. The kobold hits you but does no damage.
An orc warrior comes into view. It is wielding a glaive.
Damage: 1 (max 7)
The orc warrior shouts!
You hit the kobold.
The kobold is moderately wounded.
The orc warrior moves out of view.
The kobold hits you but does no damage.
You barely miss the kobold.
The kobold is moderately wounded.
You feel sick. The kobold hits you but does no damage.
Damage: 1 (max 7)
You barely miss the kobold.
The kobold is moderately wounded.
The kobold hits you but does no damage.
You barely miss the kobold.
The kobold is moderately wounded.
You block the kobold's attack.
You hit the kobold.
The kobold is heavily wounded.
You feel sick. The kobold hits you but does no damage.
You closely miss the kobold.
The kobold is heavily wounded.
The orc warrior hits you from afar with a glaive!
The kobold barely misses you.
Damage: 12 (max 12)
You barely miss the kobold.
The kobold is heavily wounded.
The kobold hits you but does no damage.
The orc warrior hits you from afar with a glaive!!
* * * LOW HITPOINT WARNING * * *
Damage: 21 (max 21)
You hit the kobold.
You kill the kobold!
You feel sick.
The orc priest invokes the aid of Beogh against you.
Beogh smites you!
* * * LOW HITPOINT WARNING * * *
The orc warrior hits you from afar with a glaive!
You die...

...K. #..#.# h..#
##########..#.#
###..######
###...........#.#
..(KK......
..+......(......#
###(.#####
#.#.........#.#.# .##.K#
#.#.........#.#... .##..#
#.#.........#.#### ..#..#
#(#.........#.# ..#K.#
#@#.........#.# ..#.'#####
#)#.........#.#
......K.(####
#o#.........#.#
.......K....#
#o........###
.......K....# #.........#
............# #.........#
.........#'## #.........#
......)..#.#####.........#
........÷).......#########


You could see an orc warrior and an orc priest.

Vanquished Creatures
  A hippogriff (D:7)
  Eustachio (D:5)
  Grum (D:5)
  An ice beast (D:5)
  A sky beast (D:5)
  An ogre (D:7)
  A phantom (D:6)
  2 wolves (D:4)
  2 centaurs
  A bullfrog (D:7)
  3 gnoll sergeants (D:5)
  2 scorpions
  3 wights (D:6)
  2 howler monkeys
  3 jellies
  2 crimson imps
  A quasit (D:5)
  9 hounds
  3 gnoll shamans
  An orc priest (D:4)
  3 orc wizards (D:4)
  2 iguanas
  3 worker ants
  A hound skeleton (D:7)
  30 gnolls
  16 adders
  A shadow imp (D:6)
  9 oozes
  An adder zombie (D:5)
  2 worms
  2 adder skeletons (D:4)
  6 leopard geckos
  16 orcs
  7 giant cockroaches
  9 hobgoblins
  17 jackals
  4 quokkas
  3 ball pythons
  11 bats
  3 frilled lizards
  10 goblins
  A jackal zombie (D:6)
  17 kobolds
  9 rats
224 creatures vanquished.

Vanquished Creatures (others)
  2 fungi (D:4)
  8 toadstools (D:4)
10 creatures vanquished.

Grand Total: 234 creatures vanquished

Notes
Turn   | Place    | Note
-------+----------+-------------------------------------------
     0 | D:1      | Gorice the Gnoll Arcane Marksman began the quest for the Orb.
     0 | D:1      | Reached XP level 1. HP: 15/15 MP: 3/3
    76 | D:1      | Reached skill level 3 in Crossbows
   261 | D:1      | Reached skill level 1 in Armour
   261 | D:1      | Reached XP level 2. HP: 21/21 MP: 4/4
   839 | D:1      | Reached skill level 4 in Crossbows
   970 | D:2      | Reached XP level 3. HP: 23/26 MP: 5/5
  1080 | D:2      | Reached skill level 2 in Armour
  1200 | D:2      | Reached XP level 4. HP: 16/32 MP: 4/6
  1404 | D:2      | Found a sacrificial altar of Ru.
  1685 | D:2      | Reached skill level 5 in Crossbows
  1964 | D:3      | Found a shattered altar of Ashenzari.
  1997 | D:3      | Reached skill level 3 in Armour
  2286 | D:3      | Reached XP level 5. HP: 37/37 MP: 7/7
  2685 | D:3      | Found a glowing silver altar of Zin.
  2795 | D:3      | Reached skill level 6 in Crossbows
  2923 | D:3      | Found a glowing golden altar of the Shining One.
  2924 | D:3      | Found a runed door.
  2924 | D:3      | Noticed an angel
  3265 | D:4      | Found Hure's Weapon Boutique.
  3468 | D:4      | HP: 5/37 [iguana (7)]
  3471 | D:4      | Reached skill level 4 in Armour
  3859 | D:4      | Reached XP level 6. HP: 28/43 MP: 5/8
  4007 | D:4      | Reached skill level 7 in Crossbows
  4135 | D:4      | Bought a +2 hand crossbow of freezing for 219 gold pieces
  4652 | D:4      | Reached skill level 8 in Crossbows
  4652 | D:4      | Reached skill level 5 in Armour
  4652 | D:4      | Reached XP level 7. HP: 18/48 MP: 7/9
  4946 | D:5      | Entered Level 5 of the Dungeon
  4993 | D:4      | HP: 12/48 [wolf (8)]
  4998 | D:4      | HP: 13/48 [wolf (6)]
  5000 | D:4      | HP: 2/48 [wolf (5)]
  5302 | D:5      | Noticed Eustachio
  5313 | D:5      | Killed Eustachio
  5313 | D:5      | Reached skill level 9 in Crossbows
  5313 | D:5      | Reached skill level 6 in Armour
  5387 | D:5      | Reached XP level 8. HP: 46/54 MP: 8/10
  5669 | D:5      | Reached skill level 10 in Crossbows
  5741 | D:5      | Found a glowing golden altar of the Shining One.
  5746 | D:5      | Found a bloodstained altar of Trog.
  5749 | D:5      | Found a basalt altar of Yredelemnul.
  5828 | D:5      | Reached skill level 2 in Fighting
  6063 | D:4      | Reached skill level 7 in Armour
  6227 | D:4      | Reached skill level 3 in Fighting
  6559 | D:5      | Reached skill level 4 in Fighting
  6759 | D:5      | Reached skill level 8 in Armour
  6771 | D:5      | Noticed Grum
  6779 | D:5      | Killed Grum
  6779 | D:5      | Reached skill level 5 in Fighting
  7158 | D:5      | Found Ruclijac's Jewellery Shop.
  7289 | D:5      | Reached skill level 6 in Fighting
  7289 | D:5      | Reached XP level 9. HP: 48/69 MP: 9/11
  7293 | D:5      | Reached skill level 9 in Armour
  8594 | D:5      | Reached skill level 7 in Fighting
  9112 | D:5      | Reached skill level 10 in Armour
  9715 | D:6      | Reached skill level 8 in Fighting
  9837 | D:6      | Found a shattered altar of Ashenzari.
 10271 | D:7      | Reached skill level 9 in Fighting
 10287 | D:7      | Reached skill level 11 in Armour
 10390 | D:7      | HP: 20/77 [orc warrior/glaive (21)]
 10391 | D:7      | HP: 3/77 [orc priest/divine providence (16)]
 10391 | D:7      | Mangled by an orc warrior

Vault maps used:
D:1:      scummos_arrival_forest
D:2:      kennysheep_the_goblin_king, overflow_temple_1_default
D:3:      overflow_temple_1_default, zin_academy, lemuel_angel_altar
D:4:      cheibrodos_fertilizer, serial_shops, shop, first_bread
D:5:      grunt_temple_overflow_diamond, serial_gnoll_camp,
          gnoll_camp_mini_shop, gnoll_camp_medium_02, gnoll_camp_mini_loothouse,
          gnoll_camp_huts_moat, gnoll_camp_mini_house, grums_kennel,
          uniq_eustachio
D:6:      nicolae_ashenzari_panopticon
D:7:      minmay_temple_entry_mist, serial_shops, nicolae_shop_stone,
          minmay_strange_pillars

Skill      XL: |  1  2  3  4  5  6  7  8  9 |
---------------+----------------------------+-----
Crossbows      | 3 4 5 6 8 9 10 | 10.0
Armour         | 1 2 3 4 5 6 8 11 | 11.1
Fighting       | 6 9 |  9.4
Dodging        | |  2.6
Spellcasting   | |  1.5
Hexes          | |  4.0

Action                   |  1- 3 |  4- 6 |  7- 9 || total
-------------------------+-------+-------+-------++-------
Melee: Short sword       |    38 |       |       ||    38
       Bite              |     2 |    11 |    27 ||    40
       Dagger            |     5 |   163 |       ||   168
       Whip              |       |    80 |   550 ||   630
 Fire: Hand crossbow     |    67 |   123 |   117 ||   307
Throw: Javelin           |       |       |     3 ||     3
 Cast: Corona            |    20 |    51 |   101 ||   172
Evoke: Wand              |       |       |     1 ||     1
  Use: Scroll            |     4 |    10 |     4 ||    18
       Potion            |       |     1 |     2 ||     3
  Eat: Chunk             |     2 |    14 |    23 ||    39
Armor: Ring mail         |    48 |   123 |   332 ||   503
       Skin              |       |     2 |       ||     2
Dodge: Dodged            |    63 |   169 |   397 ||   629
Block: Other             |     6 |    18 |    44 ||    68
       Reflection        |       |       |     1 ||     1

Table legend:
 A = Spawn XP
 B = Non-spawn XP
 C = Spawn XP percentage of total XP
 D = Spawn monster count
 E = Non-spawn monster count
 F = Spawn count percentage of total count
 G = Total turns spent on level
                    A         B        C        D         E        F      G
               +---------+---------+-------+---------+---------+-------+---------
         Total |     728 |    3728 |  16.3 |      28 |     196 |  12.5 | 10391
               +---------+---------+-------+---------+---------+-------+---------
           D:1 |       2 |      29 |   6.5 |       1 |      19 |   5.0 |   885
           D:2 |      10 |      69 |  12.7 |       3 |      22 |  12.0 |   914
           D:3 |      11 |     110 |   9.1 |       6 |      32 |  15.8 |  1794
           D:4 |     138 |     911 |  13.2 |       8 |      45 |  15.1 |  2641
           D:5 |     261 |    1770 |  12.9 |       5 |      56 |   8.2 |  3072
           D:6 |     181 |     288 |  38.6 |       4 |       8 |  33.3 |   788
           D:7 |     125 |     551 |  18.5 |       1 |      14 |   6.7 |   297
               +---------+---------+-------+---------+---------+-------+---------

Table legend:
 A = Turns spent in this place as a percentage of turns spent in the entire game.
 B = Non-inter-level travel turns spent in this place as a percentage of non-inter-level travel turns spent in the entire game.
 C = Inter-level travel turns spent in this place as a percentage of turns spent in this place.
 D = Turns resting spent in this place as a percentage of non-inter-level travel turns spent in this place.
 E = Turns spent auto-exploring this place as a percentage of non-inter-level travel turns spent in this place.
 F = Non-inter-level travel turns spent in this place divided by the number of levels of this place that you've seen.
                   A       B       C       D       E      F
               +-------+-------+-------+-------+-------+----------------------
         Total | 100.0 | 100.0 |   2.8 |  33.7 |  22.7 | 1443.0
       Dungeon | 100.0 | 100.0 |   2.8 |  33.7 |  22.7 | 1443.0
               +-------+-------+-------+-------+-------+----------------------

Vault maps used:
D:1:      scummos_arrival_forest
D:2:      kennysheep_the_goblin_king, overflow_temple_1_default
D:3:      overflow_temple_1_default, zin_academy, lemuel_angel_altar
D:4:      cheibrodos_fertilizer, serial_shops, shop, first_bread
D:5:      grunt_temple_overflow_diamond, serial_gnoll_camp,
          gnoll_camp_mini_shop, gnoll_camp_medium_02, gnoll_camp_mini_loothouse,
          gnoll_camp_huts_moat, gnoll_camp_mini_house, grums_kennel,
          uniq_eustachio
D:6:      nicolae_ashenzari_panopticon
D:7:      minmay_temple_entry_mist, serial_shops, nicolae_shop_stone,
          minmay_strange_pillars
